3AA
WESTWOOD SIXSHOOTERS @ FT. POLK SOUTH THUNDER HAWKS
09/15/2026
 
TOP OF THE 1ST
Westwood Sixshooters batting - Pitching for Ft. Polk South Thunder Hawks : RHP Delano Turnipseed
Pitching: RHP Delano Turnipseed
Batting: RHB Jesús Vargas 0-0: Called Strike
0-1: Ball
1-1: Ground out 6-3 (Groundball, 6)
Batting: LHB José Barrón 0-0: Ball
1-0: SINGLE (Groundball, 56D)
Batting: RHB José Carlos Pérez 0-0: Called Strike
0-1: Fly out, F8 (Line Drive, 89D)
Batting: RHB Mark Bishop 0-0: Called Strike
0-1: Ball
1-1: Ball
2-1: Ball
3-1: Called Strike
3-2: Foul Ball, location: 2F
3-2: Foul Ball, location: 2F
3-2: Ground out 6-3 (Groundball, 6S)
Top of the 1st over - 0 run(s), 1 hit(s), 0 error(s), 1 left on base; Westwood 0 - Ft. Polk South 0
BOTTOM OF THE 1ST
Ft. Polk South Thunder Hawks batting - Pitching for Westwood Sixshooters : RHP Roberto Covas
Pitching: RHP Roberto Covas
Batting: RHB Jorge Flores 0-0: Called Strike
0-1: Fly out, F4 (Popup, 4)
Batting: RHB Augusto Escobar 0-0: Foul Ball, location: 2F
0-1: Ball
1-1: Foul Ball, location: 2F
1-2: DOUBLE (Flyball, 89M)
Batting: RHB Peter Agulera 0-0: Called Strike
0-1: Ball
1-1: Swinging Strike
1-2: Ground out 4-3 (Groundball, 4S)
Augusto Escobar to third
Batting: RHB José Morín 0-0: Fly out, F9 (Flyball, 9LM)
Bottom of the 1st over - 0 run(s), 1 hit(s), 0 error(s), 1 left on base; Westwood 0 - Ft. Polk South 0
TOP OF THE 2ND
Westwood Sixshooters batting - Pitching for Ft. Polk South Thunder Hawks : RHP Delano Turnipseed
Batting: SHB Bob Rogers 0-0: Fly out, F7 (Flyball, 7)
Batting: RHB Edgar González 0-0: Ball
1-0: Ball
2-0: Swinging Strike
2-1: Swinging Strike
2-2: Ground out 5-3 (Groundball, 56)
Batting: RHB Winston Sparks 0-0: Foul Ball, location: 2F
0-1: Ball
1-1: Swinging Strike
1-2: Reached on error, E6 (Groundball, 6)
Batting: SHB Ramón García 0-0: 2-RUN HOME RUN (Flyball, 8RXD), Distance : 426 ft
Batting: RHB Nick Hoskins 0-0: Ground out 6-3 (Groundball, 6S)
Top of the 2nd over - 2 run(s), 1 hit(s), 1 error(s), 0 left on base; Westwood 2 - Ft. Polk South 0
BOTTOM OF THE 2ND
Ft. Polk South Thunder Hawks batting - Pitching for Westwood Sixshooters : RHP Roberto Covas
Batting: RHB Walt Shelton 0-0: SINGLE (Groundball, 6MD)
Batting: RHB Sacha Nieuwenburg 0-0: Foul Ball, location: 2F
0-1: Ball
1-1: Foul Ball, location: 2F
1-2: Ball
2-2: SINGLE (Groundball, 6MD)
Walt Shelton to second
Batting: RHB David Phipps 0-0: Ball
1-0: Ball
2-0: Foul Ball, location: 2F
2-1: Foul Ball, location: 2F
2-2: SINGLE (Groundball, 6) (infield hit)
Walt Shelton to third
Sacha Nieuwenburg to second
Batting: LHB Jim Unknown 0-0: Ball
1-0: Grounds into double play, 4-6-3 (Groundball, 4)
Walt Shelton scores
Sacha Nieuwenburg to third
Batting: RHB Pedro Méndez 0-0: Ball
1-0: Ball
2-0: Called Strike
2-1: Ground out 6-3 (Groundball, 6M)
Bottom of the 2nd over - 1 run(s), 3 hit(s), 0 error(s), 1 left on base; Westwood 2 - Ft. Polk South 1
TOP OF THE 3RD
Westwood Sixshooters batting - Pitching for Ft. Polk South Thunder Hawks : RHP Delano Turnipseed
Batting: RHB Jesús Vargas 0-0: Ball
1-0: Foul Ball, location: 2F
1-1: SINGLE (Flyball, 9LS)
Batting: LHB José Barrón 0-0: Ball
1-0: Foul Ball, location: 2F
1-1: Ball
2-1: SINGLE (Line Drive, 89S)
Jesús Vargas to second
Batting: RHB José Carlos Pérez 0-0: Ball
1-0: Ball
2-0: Ball
3-0: Called Strike
3-1: Base on Balls
Jesús Vargas to third
José Barrón to second
Batting: RHB Mark Bishop 0-0: Called Strike
0-1: SINGLE (Groundball, 56D)
Jesús Vargas scores
José Barrón to third
José Carlos Pérez to second
Runner from 3rd tries for Home, SAFE, no throw
Batting: SHB Bob Rogers 0-0: Ball
1-0: Called Strike
1-1: Fielders Choice at 2nd, 4-6 (Groundball, 4)
José Carlos Pérez to third
Batting: RHB Edgar González 0-0: Called Strike
0-1: Ball
1-1: Fly out, F8 (Flyball, 8LM)
Runner from 3rd tags up, SCORES, throw made
Batting: RHB Winston Sparks 0-0: Called Strike
0-1: Swinging Strike
0-2: Fly out, F8 (Flyball, 8LM)
Top of the 3rd over - 3 run(s), 3 hit(s), 0 error(s), 1 left on base; Westwood 5 - Ft. Polk South 1
BOTTOM OF THE 3RD
Ft. Polk South Thunder Hawks batting - Pitching for Westwood Sixshooters : RHP Roberto Covas
Batting: RHB Jorge Flores 0-0: Ball
1-0: Foul Ball, location: 2F
1-1: Ground out 4-3 (Groundball, 4)
Batting: RHB Augusto Escobar 0-0: Called Strike
0-1: Swinging Strike
0-2: Ball
1-2: Ball
2-2: Ball
3-2: SINGLE (Line Drive, 78S)
Batting: RHB Peter Agulera 0-0: Fielders Choice at 2nd, 1-6 (Groundball, 13S)
Batting: RHB José Morín 0-0: Swinging Strike
0-1: Fielders Choice at 2nd, 6-4 (Groundball, 6)
Bottom of the 3rd over - 0 run(s), 1 hit(s), 0 error(s), 0 left on base; Westwood 5 - Ft. Polk South 1
TOP OF THE 4TH
Westwood Sixshooters batting - Pitching for Ft. Polk South Thunder Hawks : RHP Delano Turnipseed
Batting: SHB Ramón García 0-0: Fly out, F4 (Popup, 4)
Batting: RHB Nick Hoskins 0-0: Ground out 4-3 (Groundball, 4)
Batting: RHB Jesús Vargas 0-0: Called Strike
0-1: Foul Ball, location: 2F
0-2: Ground out 5-3 (Groundball, 5L)
Top of the 4th over - 0 run(s), 0 hit(s), 0 error(s), 0 left on base; Westwood 5 - Ft. Polk South 1
BOTTOM OF THE 4TH
Ft. Polk South Thunder Hawks batting - Pitching for Westwood Sixshooters : RHP Roberto Covas
Batting: RHB Walt Shelton 0-0: Ball
1-0: Ball
2-0: SINGLE (Line Drive, 78S)
Batting: RHB Sacha Nieuwenburg 0-0: Ball
1-0: Ball
2-0: Ball
3-0: Called Strike
3-1: Called Strike
3-2: Foul Ball, location: 2F
3-2: Foul Ball, location: 2F
3-2: Foul Ball, location: 2F
3-2: Foul Ball, location: 2F
3-2: Base on Balls
Walt Shelton to second
Batting: RHB David Phipps 0-0: Ball
1-0: Fly out, F6 (Flyball, 6D)
Batting: LHB Jim Unknown 0-0: Ball
1-0: Fly out, F8 (Flyball, 8RS)
Batting: RHB Pedro Méndez 0-0: Foul Ball, location: 2F
0-1: SINGLE (Groundball, 6D)
Walt Shelton to third
Sacha Nieuwenburg to second
Runner from 3rd tries for Home, SAFE, no throw
Batting: RHB Jorge Flores 0-0: Ball
1-0: Foul Ball, location: 2F
1-1: Ball
2-1: Fielders Choice at 2nd, 4-6 (Groundball, 4)
Bottom of the 4th over - 1 run(s), 2 hit(s), 0 error(s), 1 left on base; Westwood 5 - Ft. Polk South 2
TOP OF THE 5TH
Westwood Sixshooters batting - Pitching for Ft. Polk South Thunder Hawks : RHP Delano Turnipseed
Batting: LHB José Barrón 0-0: Fly out, F8 (Flyball, 8RM)
Batting: RHB José Carlos Pérez 0-0: Called Strike
0-1: Called Strike
0-2: SINGLE (Groundball, 6MD)
Batting: RHB Mark Bishop 0-0: Ball
1-0: Called Strike
1-1: Foul Ball, location: 2F
1-2: Foul Ball, location: 2F
1-2: Foul Ball, location: 2F
1-2: Strikes out swinging
Pitching: RHP Rubén Sánchez
Batting: SHB Bob Rogers Pickoff Throw to First - Out!
Top of the 5th over - 0 run(s), 1 hit(s), 0 error(s), 0 left on base; Westwood 5 - Ft. Polk South 2
BOTTOM OF THE 5TH
Ft. Polk South Thunder Hawks batting - Pitching for Westwood Sixshooters : RHP Roberto Covas
Batting: RHB Augusto Escobar 0-0: Ball
1-0: Fly out, F7 (Line Drive, 7)
Batting: RHB Peter Agulera 0-0: Called Strike
0-1: Fly out, F8 (Flyball, 8RD)
Batting: RHB José Morín 0-0: Ball
1-0: Ball
2-0: Foul Ball, location: 2F
2-1: Ball
3-1: SOLO HOME RUN (Flyball, 7D), Distance : 355 ft
Batting: RHB Walt Shelton 0-0: Ball
1-0: Ball
2-0: Ground out 6-3 (Groundball, 6)
Bottom of the 5th over - 1 run(s), 1 hit(s), 0 error(s), 0 left on base; Westwood 5 - Ft. Polk South 3
TOP OF THE 6TH
Westwood Sixshooters batting - Pitching for Ft. Polk South Thunder Hawks : RHP Rubén Sánchez
Batting: SHB Bob Rogers 0-0: Ball
1-0: Swinging Strike
1-1: Ground out 6-3 (Groundball, 56)
Batting: RHB Edgar González 0-0: Called Strike
0-1: Ball
1-1: Swinging Strike
1-2: Strikes out swinging
Batting: RHB Winston Sparks 0-0: Ball
1-0: SINGLE (Groundball, 56D)
Batting: SHB Ramón García 0-0: Ball
Wild Pitch!
Winston Sparks to second
1-0: Foul Ball, location: 2F
1-1: Ball
2-1: Foul Ball, location: 2F
2-2: Foul Ball, location: 2F
2-2: Foul Ball, location: 2F
2-2: Ground out 6-3 (Groundball, 56)
Top of the 6th over - 0 run(s), 1 hit(s), 0 error(s), 1 left on base; Westwood 5 - Ft. Polk South 3
BOTTOM OF THE 6TH
Ft. Polk South Thunder Hawks batting - Pitching for Westwood Sixshooters : RHP Roberto Covas
Batting: RHB Sacha Nieuwenburg 0-0: Hit by Pitch
Batting: RHB David Phipps 0-0: Ball
1-0: Swinging Strike
1-1: Swinging Strike
1-2: Ball
Sacha Nieuwenburg steals 2nd base
2-2: Ground out 4-3 (Groundball, 4)
Sacha Nieuwenburg to third
Pitching: RHP Raúl Colón
Batting: LHB Jim Unknown 0-0: Ball
1-0: Ball
2-0: Ball
Wild Pitch!
Sacha Nieuwenburg scores
3-0: Base on Balls
Batting: RHB Pedro Méndez 0-0: SINGLE (Groundball, 56D)
Jim Unknown to second
Batting: RHB Jorge Flores 0-0: Ball
1-0: Foul Ball, location: 2F
1-1: Foul Ball, location: 2F
1-2: Ball
2-2: Foul Ball, location: 2F
2-2: Foul Ball, location: 2F
2-2: Foul Ball, location: 2F
2-2: Foul Ball, location: 2F
2-2: Fly out, F3 (Line Drive, 3L)
Lined into DP, U3 (Line Drive, 3L)
Bottom of the 6th over - 1 run(s), 1 hit(s), 0 error(s), 1 left on base; Westwood 5 - Ft. Polk South 4
TOP OF THE 7TH
Westwood Sixshooters batting - Pitching for Ft. Polk South Thunder Hawks : RHP Rubén Sánchez
Batting: RHB Nick Hoskins 0-0: Called Strike
0-1: Foul Ball, location: 2F
0-2: Ball
1-2: Strikes out looking
Batting: RHB Jesús Vargas 0-0: Called Strike
0-1: Ball
1-1: Foul Ball, location: 2F
1-2: Foul Ball, location: 2F
1-2: SINGLE (Groundball, 34D)
Pinch Hitting: LHB Jim Unknown 0-0: Called Strike
0-1: Ball
1-1: SINGLE (Line Drive, 4MD)
Jesús Vargas to second
Batting: RHB José Carlos Pérez 0-0: Ball
1-0: Called Strike
1-1: Ball
2-1: Foul Ball, location: 2F
2-2: Ball
3-2: Base on Balls
Jesús Vargas to third
Jim Unknown to second
Pitching: RHP José Molina
Pinch Hitting: RHB Nelson Abbey 0-0: Called Strike
0-1: Ball
1-1: Swinging Strike
1-2: Foul Ball, location: 2F
1-2: Strikes out swinging
Batting: SHB Bob Rogers 0-0: Ball
1-0: Reached on error, E3 (Groundball, 3L)
Jesús Vargas scores
Jim Unknown to third
José Carlos Pérez to second
Pinch Hitting: LHB Jim Unknown 0-0: Ball
1-0: Fly out, F7 (Flyball, 7D)
Top of the 7th over - 1 run(s), 2 hit(s), 1 error(s), 3 left on base; Westwood 6 - Ft. Polk South 4
BOTTOM OF THE 7TH
Ft. Polk South Thunder Hawks batting - Pitching for Westwood Sixshooters : RHP Raúl Colón
Now at SS: Nelson Abbey
Now in LF: Jim Unknown
Now in RF: Jim Unknown
Batting: RHB Augusto Escobar 0-0: Ball
1-0: Ball
2-0: Foul Ball, location: 2F
2-1: Ball
3-1: Foul Ball, location: 2F
3-2: Base on Balls
Batting: RHB Peter Agulera 0-0: Ball
1-0: Fly out, F8 (Line Drive, 8RM)
Batting: RHB José Morín 0-0: Fly out, F7 (Flyball, 7S)
Batting: RHB Walt Shelton 0-0: Called Strike
0-1: Ball
1-1: Ball
2-1: Fielders Choice at 2nd, 6-4 (Groundball, 6)
Bottom of the 7th over - 0 run(s), 0 hit(s), 0 error(s), 0 left on base; Westwood 6 - Ft. Polk South 4
TOP OF THE 8TH
Westwood Sixshooters batting - Pitching for Ft. Polk South Thunder Hawks : RHP José Molina
Batting: RHB Winston Sparks 0-0: Ball
1-0: Ground out 6-3 (Groundball, 6)
Batting: SHB Ramón García 0-0: Called Strike
0-1: Foul Ball, location: 2F
0-2: Ball
1-2: Ball
2-2: Foul Ball, location: 2F
2-2: Strikes out swinging
Batting: RHB Nick Hoskins 0-0: Ball
1-0: Foul Ball, location: 2F
1-1: Fly out, F7 (Line Drive, 7)
Top of the 8th over - 0 run(s), 0 hit(s), 0 error(s), 0 left on base; Westwood 6 - Ft. Polk South 4
BOTTOM OF THE 8TH
Ft. Polk South Thunder Hawks batting - Pitching for Westwood Sixshooters : RHP Raúl Colón
Batting: RHB Sacha Nieuwenburg 0-0: Called Strike
0-1: SINGLE (Flyball, 8LS)
Pitching: RHP Will Moore
Batting: RHB David Phipps 0-0: 2-RUN HOME RUN (Flyball, 7D), Distance : 351 ft
Batting: LHB Jim Unknown 0-0: Ball
1-0: Called Strike
1-1: Ball
2-1: Foul Ball, location: 2F
2-2: Ball
3-2: DOUBLE (Line Drive, 9LS)
Batting: RHB Pedro Méndez 0-0: Intentional Walk
Batting: RHB Jorge Flores 0-0: Ball
1-0: Foul Ball, location: 2F
1-1: Sac Bunt - play at first, batter OUT! 5-3
Jim Unknown to third
Pedro Méndez to second
Pinch Hitting: RHB Jim Unknown 0-0: Ball
1-0: Swinging Strike
1-1: 3-RUN HOME RUN (Flyball, 78XD), Distance : 391 ft
Pitching: RHP Tyrique McGhee
Batting: RHB Peter Agulera 0-0: Ground out 5-3 (Groundball, 56)
Batting: RHB José Morín 0-0: SINGLE (Groundball, 6MD)
Batting: RHB Walt Shelton 0-0: Ball
1-0: Ball
2-0: Ball
3-0: Base on Balls
José Morín to second
Batting: RHB Sacha Nieuwenburg 0-0: Called Strike
0-1: Swinging Strike
0-2: Ball
1-2: Fielders Choice at 2nd, 5-4 (Groundball, 5)
Bottom of the 8th over - 5 run(s), 5 hit(s), 0 error(s), 1 left on base; Westwood 6 - Ft. Polk South 9
TOP OF THE 9TH
Westwood Sixshooters batting - Pitching for Ft. Polk South Thunder Hawks : RHP José Molina
Pitching: LHP Billy Grange
Now in LF: Jim Unknown
Batting: RHB Jesús Vargas 0-0: Ball
1-0: Ball
2-0: Foul Ball, location: 2F
2-1: DOUBLE (Line Drive, 7LD)
Batting: LHB Jim Unknown 0-0: Ground out 4-3 (Groundball, 4MD)
Jesús Vargas to third
Batting: RHB José Carlos Pérez 0-0: Swinging Strike
0-1: 2-RUN HOME RUN (Flyball, 7LD), Distance : 323 ft
Batting: RHB Nelson Abbey 0-0: Called Strike
0-1: Ball
1-1: Ground out 6-3 (Groundball, 6)
Batting: SHB Bob Rogers 0-0: Called Strike
0-1: Ball
1-1: Swinging Strike
1-2: Ball
2-2: Strikes out swinging
Top of the 9th over - 2 run(s), 2 hit(s), 0 error(s), 0 left on base; Westwood 8 - Ft. Polk South 9
Monday, March 20th, 2017 - OOTP Baseball 17.12 Build 75